Map: Orbital Shipyard

Players

ProtossOP - Winner!

  • Race: Zerg Zerg

Trizztein

  • Race: Terran Terran

VOD

Have the link to the VOD?

Description

Time

  • Played on: Feb. 6, 2016, 7:46 a.m.
  • Length: 3:52
Show
View Real Time Build Order
Export as new Build Order

ProtossOP Zerg - Winner!

Build Orders: Hatch First 

Get SALT Encoding   

  12  0:05  Drone  
  13  0:08  Drone  
  14  0:38  Hatchery  
  13  0:46  Drone  
  14  1:04  Spawning Pool, Drone  
  14  1:08  Overlord  
  14  1:17  Extractor  
  14  1:18  Drone, Extractor  
  13  1:20  Drone  
  15  1:32  Drone  
  16  1:38  Drone  
  17  1:47  Drone  
  17  1:52  Roach Warren  
  17  1:54  Queen  
  19  2:03  Zergling x2  
  19  2:07  Overlord  
  20  2:34  Roach x3  
  26  2:42  Roach x3  
  32  2:54  Queen  
  32  2:56  Roach  
  36  3:05  Overlord  
  36  3:29  Drone x6  
Show
View Real Time Build Order
Export as new Build Order

Trizztein Terran 

Build Orders: Reaper Expand 

Get SALT Encoding   

  12  0:01  SCV  
  13  0:13  SCV  
  14  0:17  Supply Depot  
  14  0:25  SCV  
  15  0:39  SCV  
  15  0:40  Barracks  
  16  0:44  Refinery  
  16  0:51  SCV  
  17  1:03  SCV  
  18  1:15  SCV  
  19  1:29  Orbital Command  
  19  1:30  Reaper  
  20  1:42  Command Center  
  20  1:49  Supply Depot  
  20  1:54  SCV  
  21  2:02  Marine  
  21  2:07  Factory  
  22  2:12  Refinery  
  22  2:14  SCV  
  23  2:26  SCV  
  23  2:27  Barracks Reactor  
  24  2:38  SCV  
  25  2:50  SCV  
  26  2:55  Orbital Command  
  26  2:57  Starport  
  26  3:02  SCV  
  27  3:09  Hellion  
  27  3:12  Barracks Tech Lab  
  29  3:14  SCV  
  29  3:16  Supply Depot  
  30  3:23  SCV  
  30  3:27  SCV, Hellion  
  34  3:35  SCV  
  34  3:39  SCV  
Tags
 
Add a new tag
Caveats
  • Supply blocks, unpowered buildings, or Contaminate may cause inaccurate times.
  • Supply counts are checked every 10 seconds.